[ AOE2 MATCH · #484435176 ]
UnrankedSlavs vs Koreans
[ REPLAY ANALYSIS · EXTRACTED FROM THE RECORDED GAME ]
Feudal
10:42
Castle
15:39
Imperial
—
| APM avg | 30.5 |
| APM peak | 59 |
| eAPM avg | 20.9 |
| Villagers / military | 119 / 3 |
Focus
⚔️ 19.8% · 🌾 80.2%
Knight ×3
Feudal
13:04
Castle
15:48
Imperial
21:02
| APM avg | 31.9 |
| APM peak | 67 |
| eAPM avg | 19.1 |
| Villagers / military | 43 / 5 |
Focus
⚔️ 20.1% · 🌾 79.9%
Trebuchet (Packed) ×4 · Ballista Elephant ×1
Feudal
11:22
Castle
18:18
Imperial
—
| APM avg | 57.9 |
| APM peak | 102 |
| eAPM avg | 22.7 |
| Villagers / military | 67 / 14 |
Focus
⚔️ 34.7% · 🌾 65.3%
War Wagon ×13 · Petard ×1
Feudal
8:27
Castle
20:23
Imperial
—
| APM avg | 27.3 |
| APM peak | 48 |
| eAPM avg | 15.0 |
| Villagers / military | 58 / 11 |
Focus
⚔️ 32.5% · 🌾 67.5%
Battering Ram ×6 · Spearman ×3 · Serjeant ×2
Feudal
10:31
Castle
14:48
Imperial
—
| APM avg | 64.0 |
| APM peak | 154 |
| eAPM avg | 19.0 |
| Villagers / military | 86 / 7 |
Focus
⚔️ 25.9% · 🌾 74.1%
Scout Cavalry ×6 · Monk ×1
Feudal
11:07
Castle
14:44
Imperial
—
| APM avg | 34.5 |
| APM peak | 88 |
| eAPM avg | 22.5 |
| Villagers / military | 134 / 0 |
Focus
⚔️ 11.3% · 🌾 88.7%
Feudal
10:59
Castle
14:29
Imperial
—
| APM avg | 44.4 |
| APM peak | 87 |
| eAPM avg | 21.5 |
| Villagers / military | 94 / 2 |
Focus
⚔️ 30.4% · 🌾 69.6%
Monk ×2
Feudal
10:56
Castle
14:31
Imperial
—
| APM avg | 36.1 |
| APM peak | 69 |
| eAPM avg | 17.9 |
| Villagers / military | 61 / 32 |
Focus
⚔️ 31.8% · 🌾 68.2%
Monk ×16 · Spearman ×6 · Mangonel ×4 · Battering Ram ×4 · Warrior Priest ×2
Match map
Initial resources + every placement click. Lines = walls · curves = elevation contours. ◆ gold · ⬟ stone · ● berries · ✦ relic · ◌ wall gap
Your base· ✓ Closed at 15:39 · 0t walls · 2 gate(s)
Obuk's base· ✓ Closed at 15:48 · 0t walls · 2 gate(s)
Legion64's base· ✓ Closed at 18:18 · 20t walls · 2 gate(s)
Crouch's base· ✓ Closed at 20:23 · 12t walls · 2 gate(s)
Fenrir's base· ✓ Closed at 14:48 · 0t walls · 2 gate(s)
0653599's base· ✓ Closed at 14:44 · 0t walls · 2 gate(s)
BSL | n0_chanc3's base· ✓ Closed at 14:29 · 15t walls · 2 gate(s)
AgentP_97's base· ✓ Closed at 14:31 · 0t walls · 2 gate(s)
Smoothed initial terrain · ◌ = detected wall gap · hover for details
Inputs per minute
— P!nk - - Obuk
Build order — P!nk
First 150 of 221 actions detected
| 0:02 | Queue | Villager (Male) |
| 0:02 | Queue | Villager (Male) |
| 0:03 | Queue | Villager (Male) |
| 0:03 | Queue | Villager (Male) |
| 0:04 | Build | House |
| 0:05 | Build | House |
| 1:30 | Queue | Villager (Male) |
| 1:31 | Queue | Villager (Male) |
| 2:06 | Queue | Villager (Male) |
| 2:06 | Queue | Villager (Male) |
| 2:35 | Queue | Villager (Male) |
| 2:35 | Queue | Villager (Male) |
| 2:57 | Queue | Villager (Male) |
| 2:58 | Queue | Villager (Male) |
| 3:26 | Build | Lumber Camp |
| 3:32 | Queue | Villager (Male) |
| 3:33 | Queue | Villager (Male) |
| 3:52 | Build | House |
| 3:56 | Queue | Villager (Male) |
| 3:56 | Queue | Villager (Male) |
| 3:56 | Queue | Villager (Male) |
| 4:33 | Queue | Villager (Male) |
| 4:33 | Queue | Villager (Male) |
| 4:53 | Build | Mill |
| 5:13 | Queue | Villager (Male) |
| 5:39 | Queue | Villager (Male) |
| 5:54 | Build | House |
| 5:58 | Build | Farm |
| 6:09 | Queue | Villager (Male) |
| 6:34 | Queue | Villager (Male) |
| 6:44 | Build | Farm |
| 6:53 | Queue | Villager (Male) |
| 7:16 | Queue | Villager (Male) |
| 7:39 | Queue | Villager (Male) |
| 8:02 | Build | Mining Camp |
| 8:24 | Research | Feudal Age |
| 9:01 | Queue | Villager (Male) |
| 9:21 | Build | House |
| 10:42 | Age | Feudal Age |
| 10:50 | Build | Market |
| 10:53 | Build | Blacksmith |
| 10:55 | Queue | Villager (Male) |
| 11:01 | Research | Double-Bit Axe |
| 11:30 | Queue | Villager (Male) |
| 11:38 | Build | House |
| 11:56 | Queue | Villager (Male) |
| 12:00 | Build | Farm |
| 12:02 | Build | Farm |
| 12:12 | Build | House |
| 12:26 | Build | Farm |
| 12:59 | Research | Castle Age |
| 12:59 | Research | Castle Age |
| 13:15 | Research | Horse Collar |
| 13:15 | Research | Horse Collar |
| 13:17 | Build | Farm |
| 13:22 | Build | Farm |
| 13:26 | Build | Farm |
| 13:34 | Build | Farm |
| 14:51 | Queue | Villager (Male) |
| 15:11 | Build | Farm |
| 15:39 | Age | Castle Age |
| 15:45 | Build | Town Center |
| 15:49 | Build | Town Center |
| 16:07 | Queue | Villager (Male) |
| 16:14 | Build | Farm |
| 16:17 | Build | Farm |
| 16:19 | Queue | Villager (Male) |
| 16:36 | Queue | Villager (Male) |
| 16:51 | Queue | Villager (Male) |
| 17:04 | Queue | Villager (Male) |
| 17:09 | Queue | Villager (Male) |
| 17:10 | Queue | Villager (Male) |
| 17:10 | Queue | Villager (Male) |
| 17:12 | Queue | Villager (Male) |
| 17:16 | Queue | Villager (Male) |
| 17:22 | Build | Town Center |
| 17:24 | Queue | Villager (Male) |
| 17:24 | Queue | Villager (Male) |
| 17:30 | Queue | Villager (Male) |
| 18:10 | Queue | Villager (Male) |
| 18:10 | Queue | Villager (Male) |
| 18:11 | Queue | Villager (Male) |
| 18:15 | Research | Heavy Plow |
| 18:21 | Research | Bow Saw |
| 18:21 | Research | Bow Saw |
| 18:28 | Queue | Villager (Male) |
| 18:28 | Queue | Villager (Male) |
| 18:28 | Queue | Villager (Male) |
| 18:34 | Build | House |
| 18:37 | Build | Farm |
| 18:47 | Queue | Villager (Male) |
| 18:47 | Queue | Villager (Male) |
| 18:52 | Build | Farm |
| 18:54 | Queue | Villager (Male) |
| 18:54 | Queue | Villager (Male) |
| 18:56 | Build | Farm |
| 19:00 | Build | Farm |
| 19:04 | Build | Farm |
| 19:05 | Queue | Villager (Male) |
| 19:05 | Queue | Villager (Male) |
| 19:13 | Build | House |
| 19:18 | Build | Farm |
| 19:22 | Build | Farm |
| 19:23 | Queue | Villager (Male) |
| 19:23 | Queue | Villager (Male) |
| 19:26 | Build | Farm |
| 19:29 | Queue | Villager (Male) |
| 19:29 | Queue | Villager (Male) |
| 19:34 | Build | Farm |
| 19:38 | Queue | Villager (Male) |
| 19:38 | Queue | Villager (Male) |
| 19:42 | Queue | Villager (Male) |
| 19:44 | Build | House |
| 19:47 | Build | Farm |
| 19:51 | Build | Farm |
| 19:55 | Build | Farm |
| 19:57 | Build | Farm |
| 20:01 | Build | Farm |
| 20:02 | Queue | Villager (Male) |
| 20:02 | Queue | Villager (Male) |
| 20:03 | Queue | Villager (Male) |
| 20:05 | Queue | Villager (Male) ×3 |
| 20:06 | Queue | Villager (Male) ×3 |
| 20:09 | Build | Farm |
| 20:13 | Build | House |
| 20:14 | Queue | Villager (Male) |
| 20:15 | Queue | Villager (Male) |
| 20:17 | Build | Farm |
| 20:19 | Queue | Villager (Male) |
| 20:19 | Queue | Villager (Male) |
| 20:24 | Build | Farm |
| 20:25 | Queue | Villager (Male) |
| 20:25 | Queue | Villager (Male) |
| 20:27 | Build | Farm |
| 20:31 | Build | Farm |
| 20:32 | Queue | Villager (Male) |
| 20:32 | Queue | Villager (Male) |
| 20:34 | Build | Farm |
| 20:39 | Queue | Villager (Male) |
| 20:43 | Build | Farm |
| 20:44 | Queue | Villager (Male) |
| 20:44 | Queue | Villager (Male) |
| 20:48 | Build | Farm |
| 20:52 | Build | House |
| 20:53 | Queue | Villager (Male) |
| 20:53 | Queue | Villager (Male) |
| 20:54 | Queue | Villager (Male) |
| 20:56 | Queue | Villager (Male) |
| 20:56 | Queue | Villager (Male) |
| 21:16 | Queue | Villager (Male) |
Build order — Obuk
99 actions detected in the replay
| 0:01 | Queue | Villager (Male) |
| 0:01 | Queue | Villager (Male) |
| 0:01 | Queue | Villager (Male) |
| 0:03 | Build | House |
| 0:06 | Build | House |
| 0:18 | Queue | Villager (Male) |
| 1:28 | Queue | Villager (Male) |
| 1:28 | Queue | Villager (Male) |
| 2:07 | Queue | Villager (Male) |
| 2:07 | Queue | Villager (Male) |
| 2:22 | Queue | Villager (Male) |
| 2:45 | Queue | Villager (Male) |
| 2:45 | Queue | Villager (Male) |
| 3:01 | Build | Lumber Camp |
| 3:02 | Queue | Villager (Male) |
| 3:02 | Queue | Villager (Male) |
| 3:36 | Queue | Villager (Male) |
| 3:41 | Queue | Villager (Male) |
| 3:41 | Queue | Villager (Male) |
| 3:46 | Queue | Villager (Male) |
| 3:46 | Queue | Villager (Male) |
| 3:50 | Build | House |
| 4:02 | Queue | Villager (Male) |
| 4:03 | Queue | Villager (Male) |
| 4:38 | Queue | Villager (Male) |
| 4:38 | Queue | Villager (Male) |
| 4:39 | Queue | Villager (Male) |
| 5:07 | Build | Mill |
| 5:40 | Queue | Villager (Male) |
| 5:41 | Queue | Villager (Male) |
| 5:41 | Queue | Villager (Male) |
| 5:47 | Build | House |
| 6:19 | Queue | Villager (Male) |
| 6:25 | Build | Mining Camp |
| 6:51 | Queue | Villager (Male) |
| 7:08 | Queue | Villager (Male) |
| 7:09 | Queue | Villager (Male) |
| 7:15 | Build | House |
| 7:59 | Queue | Villager (Male) |
| 9:18 | Build | Farm |
| 9:39 | Queue | Villager (Male) |
| 9:40 | Queue | Villager (Male) |
| 9:41 | Queue | Villager (Male) |
| 9:46 | Build | Mining Camp |
| 9:57 | Build | House |
| 10:50 | Research | Feudal Age |
| 10:50 | Research | Feudal Age |
| 11:07 | Build | Farm |
| 11:36 | Build | Farm |
| 11:43 | Build | Farm |
| 11:59 | Build | Farm |
| 12:04 | Build | Farm |
| 12:42 | Build | Farm |
| 12:49 | Build | Farm |
| 12:57 | Build | Farm |
| 13:04 | Age | Feudal Age |
| 13:08 | Research | Castle Age |
| 13:08 | Research | Castle Age |
| 13:22 | Research | Horse Collar |
| 13:22 | Research | Horse Collar |
| 13:33 | Build | Farm |
| 13:46 | Build | Farm |
| 13:58 | Build | Farm |
| 14:09 | Build | Farm |
| 14:28 | Build | Farm |
| 14:34 | Build | Farm |
| 15:48 | Age | Castle Age |
| 15:51 | Build | Farm |
| 15:55 | Queue | Villager (Male) |
| 15:59 | Queue | Villager (Male) |
| 16:48 | Research | Loom |
| 16:48 | Research | Loom |
| 17:19 | Build | Stone Wall |
| 17:52 | Research | Imperial Age |
| 18:06 | Build | Stone Wall |
| 18:24 | Build | Stone Wall |
| 18:34 | Build | Castle |
| 19:03 | Build | Palisade Wall |
| 20:22 | Research | Double-Bit Axe |
| 20:23 | Research | Double-Bit Axe |
| 20:24 | Queue | Villager (Male) |
| 20:26 | Research | Heavy Plow |
| 20:30 | Research | Gold Mining |
| 20:30 | Research | Gold Mining |
| 21:02 | Age | Imperial Age |
| 21:34 | Queue | Ballista Elephant |
| 21:47 | Queue | Villager (Male) |
| 21:49 | Queue | Villager (Male) |
| 21:49 | Queue | Villager (Male) |
| 22:31 | Queue | Trebuchet (Packed) |
| 22:32 | Queue | Trebuchet (Packed) |
| 23:10 | Queue | Villager (Male) |
| 23:14 | Research | Stone Mining |
| 23:14 | Research | Stone Mining |
| 23:56 | Build | Stone Wall |
| 24:04 | Queue | Trebuchet (Packed) |
| 24:04 | Queue | Trebuchet (Packed) |
| 24:16 | Queue | Villager (Male) |
| 24:31 | Queue | Villager (Male) |
Build order — Legion64
149 actions detected in the replay
| 0:01 | Queue | Villager (Male) |
| 0:02 | Queue | Villager (Male) |
| 0:03 | Build | House |
| 0:04 | Build | House |
| 0:17 | Queue | Villager (Male) |
| 0:22 | Queue | Villager (Male) |
| 1:27 | Build | Palisade Wall |
| 1:29 | Queue | Villager (Male) |
| 1:38 | Build | Palisade Wall |
| 1:39 | Build | Palisade Wall |
| 1:48 | Build | Palisade Wall |
| 1:51 | Build | Palisade Wall |
| 1:55 | Build | Palisade Wall |
| 1:56 | Build | Palisade Wall |
| 1:58 | Build | Palisade Wall |
| 2:00 | Build | Palisade Wall |
| 2:03 | Queue | Villager (Male) |
| 2:03 | Queue | Villager (Male) |
| 2:22 | Build | Lumber Camp |
| 2:25 | Queue | Villager (Male) |
| 2:26 | Queue | Villager (Male) |
| 2:41 | Build | Palisade Wall |
| 2:44 | Build | Palisade Wall |
| 2:57 | Queue | Villager (Male) |
| 3:01 | Queue | Villager (Male) |
| 3:01 | Queue | Villager (Male) |
| 3:37 | Queue | Villager (Male) |
| 3:53 | Build | House |
| 4:08 | Queue | Villager (Male) |
| 4:08 | Queue | Villager (Male) |
| 4:31 | Queue | Villager (Male) |
| 4:31 | Queue | Villager (Male) |
| 4:42 | Queue | Villager (Male) |
| 4:53 | Queue | Villager (Male) |
| 4:58 | Queue | Villager (Male) |
| 4:58 | Queue | Villager (Male) |
| 5:19 | Queue | Villager (Male) |
| 5:38 | Queue | Villager (Male) |
| 5:38 | Queue | Villager (Male) |
| 5:49 | Build | House |
| 6:23 | Build | Mill |
| 6:40 | Queue | Villager (Male) |
| 7:07 | Queue | Villager (Male) |
| 7:34 | Queue | Villager (Male) |
| 7:43 | Queue | Villager (Male) |
| 7:53 | Queue | Villager (Male) |
| 8:03 | Queue | Villager (Male) |
| 8:07 | Queue | Villager (Male) |
| 8:16 | Build | House |
| 8:31 | Build | Mining Camp |
| 8:33 | Research | Loom |
| 8:37 | Research | Feudal Age |
| 8:37 | Research | Feudal Age |
| 9:42 | Build | Farm |
| 9:45 | Build | Farm |
| 10:12 | Build | House |
| 11:22 | Age | Feudal Age |
| 11:24 | Build | Stone Wall |
| 11:24 | Queue | Villager (Male) |
| 11:42 | Research | Double-Bit Axe |
| 11:50 | Queue | Villager (Male) |
| 11:51 | Research | Horse Collar |
| 11:52 | Queue | Villager (Male) |
| 12:00 | Build | Farm |
| 12:01 | Build | Farm |
| 12:04 | Build | Farm |
| 12:06 | Build | Mining Camp |
| 12:22 | Build | Stone Wall |
| 12:34 | Build | Farm |
| 12:35 | Queue | Villager (Male) |
| 12:59 | Build | House |
| 13:03 | Queue | Villager (Male) |
| 13:08 | Queue | Villager (Male) |
| 13:15 | Build | Market |
| 13:24 | Queue | Villager (Male) |
| 13:29 | Build | Farm |
| 13:31 | Build | Farm |
| 13:39 | Queue | Villager (Male) |
| 13:46 | Queue | Villager (Male) |
| 14:02 | Queue | Villager (Male) |
| 14:25 | Build | Stone Wall |
| 14:25 | Queue | Villager (Male) |
| 14:31 | Build | Stone Wall |
| 14:32 | Queue | Villager (Male) |
| 14:46 | Queue | Villager (Male) |
| 14:48 | Build | Blacksmith |
| 15:13 | Queue | Villager (Male) |
| 15:23 | Research | Castle Age |
| 15:23 | Research | Castle Age |
| 16:09 | Research | Stone Mining |
| 16:20 | Build | Farm |
| 16:22 | Build | Farm |
| 16:27 | Build | Lumber Camp |
| 17:00 | Research | Gold Mining |
| 17:00 | Research | Gold Mining |
| 18:03 | Queue | Villager (Male) |
| 18:18 | Age | Castle Age |
| 18:19 | Queue | Villager (Male) |
| 18:21 | Build | Castle |
| 18:27 | Research | Bow Saw |
| 18:40 | Queue | Villager (Male) |
| 18:44 | Build | Stone Wall |
| 19:11 | Queue | Villager (Male) |
| 19:24 | Queue | War Wagon |
| 19:24 | Queue | War Wagon |
| 19:25 | Queue | Villager (Male) |
| 19:28 | Build | Mining Camp |
| 19:33 | Research | Fletching |
| 19:33 | Research | Fletching |
| 19:43 | Build | Lumber Camp |
| 19:52 | Queue | War Wagon |
| 19:57 | Queue | Villager (Male) |
| 20:05 | Build | Farm |
| 20:10 | Queue | War Wagon |
| 20:21 | Queue | Villager (Male) |
| 20:38 | Queue | War Wagon |
| 20:43 | Queue | Villager (Male) |
| 20:46 | Queue | Villager (Male) |
| 20:48 | Build | Farm |
| 20:50 | Build | Farm |
| 21:12 | Queue | War Wagon |
| 21:22 | Queue | Villager (Male) |
| 21:29 | Queue | Petard |
| 21:37 | Queue | Villager (Male) |
| 21:57 | Queue | War Wagon |
| 22:03 | Queue | Villager (Male) |
| 22:09 | Research | Bodkin Arrow |
| 22:15 | Queue | Villager (Male) |
| 22:18 | Queue | War Wagon |
| 22:24 | Queue | War Wagon |
| 22:39 | Queue | Villager (Male) |
| 22:53 | Queue | War Wagon |
| 23:03 | Build | Farm |
| 23:05 | Build | Farm |
| 23:07 | Queue | Villager (Male) |
| 23:13 | Queue | War Wagon |
| 23:14 | Queue | Villager (Male) |
| 23:25 | Build | House |
| 23:26 | Queue | Villager (Male) |
| 23:33 | Queue | Villager (Male) |
| 23:37 | Queue | War Wagon |
| 23:45 | Build | House |
| 23:49 | Queue | Villager (Male) |
| 23:51 | Build | Farm |
| 23:58 | Queue | War Wagon |
| 24:02 | Queue | Villager (Male) |
| 24:12 | Build | House |
| 24:18 | Queue | Villager (Male) |
| 24:35 | Queue | Villager (Male) |
Build order — Crouch
120 actions detected in the replay
| 0:01 | Queue | Villager (Male) |
| 0:01 | Queue | Villager (Male) |
| 0:01 | Queue | Villager (Male) |
| 0:02 | Queue | Villager (Male) |
| 0:02 | Queue | Villager (Male) |
| 0:03 | Build | House |
| 0:04 | Build | House |
| 1:23 | Queue | Villager (Male) |
| 1:24 | Queue | Villager (Male) |
| 2:03 | Queue | Villager (Male) |
| 2:29 | Queue | Villager (Male) |
| 2:29 | Queue | Villager (Male) |
| 2:48 | Queue | Villager (Male) |
| 2:51 | Build | Lumber Camp |
| 2:57 | Queue | Villager (Male) |
| 3:04 | Queue | Villager (Male) |
| 3:39 | Queue | Villager (Male) |
| 3:39 | Queue | Villager (Male) |
| 3:51 | Build | House |
| 4:23 | Queue | Villager (Male) |
| 5:19 | Build | Mill |
| 5:26 | Queue | Villager (Male) |
| 5:29 | Research | Loom |
| 6:17 | Research | Feudal Age |
| 6:17 | Research | Feudal Age |
| 7:09 | Build | Mining Camp |
| 8:23 | Build | House |
| 8:27 | Age | Feudal Age |
| 8:28 | Queue | Villager (Male) |
| 8:34 | Build | Donjon |
| 8:41 | Queue | Villager (Male) |
| 8:42 | Research | Double-Bit Axe |
| 9:08 | Build | Donjon |
| 9:14 | Queue | Villager (Male) |
| 9:35 | Queue | Villager (Male) |
| 9:51 | Queue | Serjeant |
| 10:11 | Queue | Villager (Male) |
| 10:11 | Queue | Villager (Male) |
| 11:06 | Queue | Villager (Male) |
| 11:06 | Queue | Villager (Male) |
| 11:10 | Build | Farm |
| 11:11 | Build | Farm |
| 12:01 | Build | Farm |
| 12:14 | Queue | Villager (Male) |
| 12:14 | Queue | Villager (Male) |
| 12:14 | Queue | Villager (Male) |
| 12:19 | Build | House |
| 13:07 | Queue | Villager (Male) |
| 13:07 | Queue | Villager (Male) |
| 13:08 | Build | Farm |
| 13:35 | Queue | Villager (Male) |
| 13:39 | Build | Mining Camp |
| 13:44 | Queue | Serjeant |
| 14:02 | Build | House |
| 14:17 | Queue | Villager (Male) |
| 14:18 | Queue | Villager (Male) |
| 14:18 | Queue | Villager (Male) |
| 14:21 | Build | Farm |
| 14:22 | Build | Farm |
| 14:23 | Build | Farm |
| 14:24 | Queue | Villager (Male) |
| 15:38 | Queue | Villager (Male) |
| 15:44 | Build | Market |
| 15:46 | Build | Blacksmith |
| 16:40 | Queue | Villager (Male) |
| 16:41 | Queue | Villager (Male) |
| 17:27 | Build | House |
| 17:43 | Research | Castle Age |
| 17:43 | Research | Castle Age |
| 17:53 | Build | House |
| 17:56 | Queue | Spearman |
| 17:57 | Queue | Spearman |
| 18:32 | Queue | Spearman |
| 18:49 | Build | House |
| 19:18 | Build | Mining Camp |
| 19:36 | Build | Stone Wall |
| 19:50 | Build | Stone Wall |
| 20:23 | Age | Castle Age |
| 20:27 | Build | Castle |
| 20:28 | Queue | Villager (Male) |
| 20:36 | Queue | Villager (Male) |
| 20:41 | Build | Town Center |
| 20:58 | Queue | Villager (Male) |
| 21:16 | Queue | Villager (Male) |
| 21:17 | Queue | Villager (Male) |
| 21:17 | Queue | Villager (Male) |
| 21:26 | Build | Stone Wall |
| 21:35 | Build | Gate |
| 21:36 | Build | Stone Wall |
| 21:49 | Queue | Villager (Male) |
| 21:51 | Queue | Villager (Male) |
| 22:05 | Queue | Villager (Male) |
| 22:22 | Queue | Villager (Male) |
| 22:26 | Build | Farm |
| 22:27 | Build | Farm |
| 22:29 | Build | Farm |
| 22:30 | Build | Farm |
| 22:31 | Research | Horse Collar |
| 22:34 | Research | Bow Saw |
| 22:35 | Queue | Villager (Male) |
| 22:44 | Queue | Villager (Male) |
| 22:56 | Build | Siege Workshop |
| 22:58 | Queue | Villager (Male) |
| 23:05 | Queue | Villager (Male) |
| 23:20 | Build | Stone Wall |
| 23:33 | Queue | Battering Ram |
| 23:33 | Queue | Battering Ram |
| 23:34 | Queue | Villager (Male) |
| 23:38 | Queue | Villager (Male) |
| 23:42 | Build | Farm |
| 23:44 | Build | Farm |
| 24:05 | Build | Farm |
| 24:13 | Queue | Battering Ram |
| 24:13 | Queue | Battering Ram |
| 24:15 | Queue | Villager (Male) |
| 24:15 | Queue | Villager (Male) |
| 24:31 | Queue | Battering Ram |
| 24:32 | Queue | Battering Ram |
| 24:32 | Queue | Villager (Male) |
| 24:38 | Queue | Villager (Male) |
Build order — Fenrir
First 150 of 164 actions detected
| 0:00 | Queue | Villager (Male) |
| 0:01 | Queue | Villager (Male) |
| 0:01 | Queue | Villager (Male) |
| 0:14 | Queue | Villager (Male) |
| 1:14 | Queue | Villager (Male) |
| 1:49 | Queue | Villager (Male) |
| 2:08 | Queue | Villager (Male) |
| 2:35 | Build | Lumber Camp |
| 2:45 | Queue | Villager (Male) |
| 3:15 | Queue | Villager (Male) |
| 3:15 | Queue | Villager (Male) |
| 3:36 | Queue | Villager (Male) |
| 3:36 | Queue | Villager (Male) |
| 3:37 | Queue | Villager (Male) |
| 3:37 | Queue | Villager (Male) |
| 4:41 | Queue | Villager (Male) |
| 5:03 | Build | Mill |
| 5:13 | Queue | Villager (Male) |
| 5:33 | Queue | Villager (Male) |
| 5:33 | Queue | Villager (Male) |
| 6:13 | Queue | Villager (Male) |
| 6:13 | Queue | Villager (Male) |
| 7:29 | Queue | Villager (Male) |
| 7:47 | Queue | Villager (Male) |
| 7:59 | Build | Farm |
| 8:17 | Research | Feudal Age |
| 8:22 | Build | Farm |
| 8:56 | Build | Barracks |
| 9:27 | Build | Farm |
| 9:30 | Build | Farm |
| 9:51 | Queue | Villager (Male) |
| 9:51 | Queue | Villager (Male) |
| 10:31 | Age | Feudal Age |
| 10:33 | Build | Stable |
| 10:53 | Queue | Villager (Male) |
| 11:16 | Build | Market |
| 12:08 | Research | Castle Age |
| 12:35 | Research | Horse Collar |
| 12:47 | Build | Farm |
| 12:47 | Build | Farm |
| 12:48 | Build | Farm |
| 13:05 | Build | Farm |
| 13:17 | Build | Mining Camp |
| 13:30 | Queue | Scout Cavalry |
| 13:39 | Build | Farm |
| 13:40 | Build | Farm |
| 13:47 | Queue | Scout Cavalry |
| 14:25 | Queue | Scout Cavalry |
| 14:26 | Queue | Villager (Male) |
| 14:41 | Queue | Scout Cavalry |
| 14:48 | Age | Castle Age |
| 14:57 | Build | Town Center |
| 14:59 | Queue | Villager (Male) |
| 15:19 | Research | Light Cavalry (upgrade) |
| 15:24 | Queue | Villager (Male) |
| 15:25 | Research | Double-Bit Axe |
| 15:57 | Queue | Villager (Male) |
| 16:21 | Queue | Villager (Male) |
| 16:22 | Queue | Villager (Male) |
| 16:23 | Queue | Villager (Male) |
| 16:46 | Queue | Villager (Male) |
| 16:47 | Research | Bow Saw |
| 16:52 | Build | Farm |
| 16:53 | Build | Farm |
| 16:55 | Build | Farm |
| 17:24 | Queue | Villager (Male) |
| 17:24 | Queue | Villager (Male) |
| 17:40 | Queue | Villager (Male) |
| 17:41 | Build | Farm |
| 17:51 | Queue | Villager (Male) |
| 17:51 | Queue | Villager (Male) |
| 17:54 | Build | Town Center |
| 18:21 | Queue | Scout Cavalry |
| 18:21 | Queue | Scout Cavalry |
| 18:25 | Build | Farm |
| 18:35 | Queue | Villager (Male) |
| 18:35 | Queue | Villager (Male) |
| 18:38 | Build | Farm |
| 18:39 | Build | Farm |
| 18:40 | Build | Farm |
| 18:42 | Build | Farm |
| 18:43 | Build | Farm |
| 18:47 | Queue | Villager (Male) |
| 18:55 | Research | Heavy Plow |
| 18:55 | Research | Heavy Plow |
| 19:08 | Build | Farm |
| 19:09 | Build | Farm |
| 19:13 | Queue | Villager (Male) |
| 19:14 | Queue | Villager (Male) |
| 19:30 | Build | Farm |
| 19:32 | Build | Farm |
| 19:33 | Queue | Villager (Male) |
| 19:41 | Queue | Villager (Male) |
| 19:41 | Queue | Villager (Male) |
| 20:13 | Queue | Villager (Male) |
| 20:13 | Queue | Villager (Male) |
| 20:15 | Build | Farm |
| 20:15 | Queue | Villager (Male) |
| 20:15 | Queue | Villager (Male) |
| 20:17 | Build | Monastery |
| 20:20 | Build | Farm |
| 20:21 | Build | Farm |
| 20:30 | Queue | Villager (Male) |
| 20:32 | Build | Farm |
| 20:33 | Build | Farm |
| 20:34 | Build | Farm |
| 20:34 | Build | Farm |
| 20:36 | Build | Farm |
| 20:44 | Queue | Villager (Male) |
| 20:45 | Queue | Villager (Male) |
| 20:45 | Queue | Villager (Male) |
| 20:47 | Queue | Villager (Male) |
| 20:47 | Queue | Villager (Male) |
| 21:04 | Queue | Villager (Male) |
| 21:04 | Queue | Villager (Male) |
| 21:08 | Queue | Villager (Male) |
| 21:11 | Build | Farm |
| 21:13 | Build | Farm |
| 21:13 | Build | Farm |
| 21:14 | Queue | Villager (Male) |
| 21:14 | Queue | Villager (Male) |
| 21:15 | Queue | Villager (Male) |
| 21:22 | Queue | Monk |
| 21:28 | Build | Mining Camp |
| 21:29 | Queue | Villager (Male) |
| 21:36 | Queue | Villager (Male) |
| 21:37 | Queue | Villager (Male) |
| 21:39 | Build | Farm |
| 21:41 | Build | Farm |
| 21:41 | Build | Farm |
| 21:47 | Build | Farm |
| 21:50 | Queue | Villager (Male) |
| 21:50 | Queue | Villager (Male) |
| 21:58 | Build | Mining Camp |
| 22:02 | Queue | Villager (Male) |
| 22:16 | Queue | Villager (Male) |
| 22:16 | Queue | Villager (Male) |
| 22:23 | Research | Loom |
| 22:23 | Research | Wheelbarrow |
| 22:35 | Queue | Villager (Male) |
| 22:36 | Queue | Villager (Male) |
| 22:39 | Build | Farm |
| 22:46 | Queue | Villager (Male) |
| 22:47 | Queue | Villager (Male) |
| 23:05 | Queue | Villager (Male) |
| 23:09 | Queue | Villager (Male) |
| 23:21 | Build | Town Center |
| 23:41 | Queue | Villager (Male) |
| 23:45 | Build | Farm |
| 23:47 | Build | Farm |
Build order — 0653599
First 150 of 222 actions detected
| 0:00 | Queue | Villager (Male) |
| 0:01 | Queue | Villager (Male) |
| 0:01 | Queue | Villager (Male) |
| 0:01 | Queue | Villager (Male) |
| 0:02 | Build | House |
| 0:03 | Build | House |
| 1:38 | Queue | Villager (Male) |
| 1:38 | Queue | Villager (Male) |
| 1:46 | Build | Lumber Camp |
| 2:00 | Queue | Villager (Male) |
| 2:29 | Queue | Villager (Male) |
| 2:30 | Queue | Villager (Male) |
| 2:46 | Queue | Villager (Male) |
| 2:46 | Queue | Villager (Male) |
| 2:47 | Queue | Villager (Male) |
| 3:04 | Queue | Villager (Male) |
| 3:04 | Queue | Villager (Male) |
| 3:24 | Build | House |
| 3:24 | Build | House |
| 3:25 | Build | House |
| 3:33 | Queue | Villager (Male) |
| 3:33 | Queue | Villager (Male) |
| 3:50 | Queue | Villager (Male) |
| 3:50 | Queue | Villager (Male) |
| 4:18 | Queue | Villager (Male) |
| 4:19 | Queue | Villager (Male) |
| 4:52 | Build | House |
| 4:59 | Queue | Villager (Male) |
| 5:00 | Queue | Villager (Male) |
| 5:00 | Queue | Villager (Male) |
| 5:09 | Build | Mill |
| 5:41 | Queue | Villager (Male) |
| 5:41 | Queue | Villager (Male) |
| 6:22 | Build | Mill |
| 6:24 | Queue | Villager (Male) |
| 6:25 | Queue | Villager (Male) |
| 6:25 | Queue | Villager (Male) |
| 6:58 | Queue | Villager (Male) |
| 6:58 | Queue | Villager (Male) |
| 6:58 | Queue | Villager (Male) |
| 7:13 | Build | Farm |
| 7:17 | Build | Farm |
| 7:35 | Queue | Villager (Male) |
| 7:35 | Queue | Villager (Male) |
| 7:36 | Queue | Villager (Male) |
| 8:07 | Queue | Villager (Male) |
| 8:07 | Queue | Villager (Male) |
| 8:08 | Queue | Villager (Male) |
| 8:08 | Queue | Villager (Male) |
| 8:08 | Queue | Villager (Male) |
| 8:27 | Build | Farm |
| 8:28 | Queue | Villager (Male) |
| 8:28 | Queue | Villager (Male) |
| 8:28 | Queue | Villager (Male) |
| 8:28 | Queue | Villager (Male) |
| 8:50 | Queue | Villager (Male) |
| 8:50 | Queue | Villager (Male) |
| 8:51 | Queue | Villager (Male) |
| 8:57 | Research | Feudal Age |
| 8:57 | Research | Feudal Age |
| 10:13 | Build | Farm |
| 10:36 | Queue | Villager (Male) |
| 10:36 | Queue | Villager (Male) |
| 11:07 | Age | Feudal Age |
| 11:08 | Build | Market |
| 11:10 | Build | Blacksmith |
| 12:04 | Research | Castle Age |
| 12:05 | Research | Castle Age |
| 12:34 | Research | Horse Collar |
| 13:04 | Research | Double-Bit Axe |
| 13:04 | Research | Double-Bit Axe |
| 13:28 | Build | Farm |
| 14:22 | Queue | Villager (Male) |
| 14:22 | Queue | Villager (Male) |
| 14:44 | Age | Castle Age |
| 14:46 | Build | Town Center |
| 14:48 | Build | Town Center |
| 14:51 | Research | Heavy Plow |
| 15:05 | Research | Bow Saw |
| 15:05 | Research | Bow Saw |
| 15:13 | Build | Farm |
| 15:23 | Queue | Villager (Male) |
| 15:33 | Build | Farm |
| 15:45 | Build | Farm |
| 16:06 | Queue | Villager (Male) |
| 16:06 | Queue | Villager (Male) |
| 16:07 | Build | Farm |
| 16:11 | Build | Farm |
| 16:12 | Queue | Villager (Male) |
| 16:32 | Queue | Villager (Male) |
| 16:33 | Queue | Villager (Male) |
| 16:33 | Queue | Villager (Male) |
| 16:50 | Build | Farm |
| 16:52 | Build | Farm |
| 16:53 | Queue | Villager (Male) |
| 16:54 | Queue | Villager (Male) |
| 17:08 | Build | Farm |
| 17:14 | Build | Farm |
| 17:20 | Build | Farm |
| 17:21 | Queue | Villager (Male) |
| 17:21 | Queue | Villager (Male) |
| 17:26 | Build | Farm |
| 17:28 | Queue | Villager (Male) |
| 17:28 | Queue | Villager (Male) |
| 17:36 | Build | Farm |
| 17:39 | Queue | Villager (Male) |
| 17:40 | Queue | Villager (Male) |
| 17:41 | Build | Farm |
| 17:46 | Build | Farm |
| 17:51 | Build | House |
| 17:51 | Build | House |
| 17:56 | Queue | Villager (Male) |
| 17:56 | Queue | Villager (Male) |
| 18:03 | Queue | Villager (Male) |
| 18:03 | Queue | Villager (Male) |
| 18:13 | Queue | Villager (Male) |
| 18:13 | Queue | Villager (Male) |
| 18:15 | Build | Farm |
| 18:16 | Build | Farm |
| 18:17 | Build | Farm |
| 18:22 | Queue | Villager (Male) |
| 18:23 | Queue | Villager (Male) |
| 18:24 | Build | Farm |
| 18:31 | Queue | Villager (Male) |
| 18:31 | Queue | Villager (Male) |
| 18:32 | Build | Farm |
| 18:41 | Queue | Villager (Male) |
| 18:41 | Queue | Villager (Male) |
| 18:47 | Queue | Villager (Male) |
| 18:47 | Queue | Villager (Male) |
| 18:50 | Queue | Villager (Male) |
| 18:50 | Queue | Villager (Male) |
| 18:56 | Queue | Villager (Male) |
| 18:56 | Queue | Villager (Male) |
| 18:59 | Build | House |
| 18:59 | Build | House |
| 19:05 | Build | Farm |
| 19:07 | Queue | Villager (Male) |
| 19:16 | Queue | Villager (Male) |
| 19:17 | Queue | Villager (Male) |
| 19:20 | Queue | Villager (Male) |
| 19:20 | Queue | Villager (Male) |
| 19:33 | Queue | Villager (Male) |
| 19:34 | Queue | Villager (Male) |
| 19:45 | Queue | Villager (Male) |
| 19:45 | Queue | Villager (Male) |
| 19:54 | Build | Town Center |
| 19:59 | Build | House |
| 20:16 | Research | Wheelbarrow |
| 20:17 | Queue | Villager (Male) |
Build order — BSL | n0_chanc3
First 150 of 190 actions detected
| 0:01 | Queue | Villager (Male) |
| 0:01 | Queue | Villager (Male) |
| 0:02 | Build | House |
| 0:03 | Build | House |
| 0:13 | Queue | Villager (Male) |
| 0:38 | Queue | Villager (Male) |
| 1:15 | Queue | Villager (Male) |
| 1:43 | Queue | Villager (Male) |
| 1:51 | Build | Lumber Camp |
| 2:23 | Queue | Villager (Male) |
| 2:39 | Queue | Villager (Male) |
| 3:03 | Build | Palisade Wall |
| 3:04 | Build | Palisade Wall |
| 3:05 | Build | Palisade Wall |
| 3:06 | Build | Palisade Wall |
| 3:07 | Build | Palisade Wall |
| 3:08 | Build | Palisade Wall |
| 3:12 | Build | Palisade Wall |
| 3:12 | Build | Palisade Wall |
| 3:13 | Build | Palisade Wall |
| 3:14 | Build | Palisade Wall |
| 3:19 | Queue | Villager (Male) |
| 3:19 | Queue | Villager (Male) |
| 3:51 | Build | House |
| 3:56 | Queue | Villager (Male) |
| 4:02 | Build | Palisade Wall |
| 4:12 | Build | Palisade Wall |
| 4:17 | Queue | Villager (Male) |
| 4:27 | Queue | Villager (Male) |
| 4:41 | Queue | Villager (Male) |
| 5:06 | Build | House |
| 5:10 | Queue | Villager (Male) |
| 5:16 | Queue | Villager (Male) |
| 5:29 | Queue | Villager (Male) |
| 5:32 | Build | Mill |
| 5:44 | Build | Palisade Gate |
| 5:48 | Queue | Villager (Male) |
| 6:00 | Build | House |
| 6:06 | Queue | Villager (Male) |
| 6:35 | Build | Farm |
| 6:52 | Queue | Villager (Male) |
| 7:38 | Queue | Villager (Male) |
| 8:05 | Build | Mining Camp |
| 8:10 | Build | Farm |
| 8:12 | Build | Farm |
| 8:19 | Queue | Villager (Male) |
| 8:49 | Research | Feudal Age |
| 10:57 | Queue | Villager (Male) |
| 10:59 | Age | Feudal Age |
| 11:01 | Build | Market |
| 11:04 | Build | Blacksmith |
| 11:16 | Queue | Villager (Male) |
| 11:35 | Research | Double-Bit Axe |
| 11:47 | Research | Castle Age |
| 12:40 | Research | Horse Collar |
| 12:56 | Build | Farm |
| 12:58 | Build | Farm |
| 14:29 | Age | Castle Age |
| 14:30 | Queue | Villager (Male) |
| 14:33 | Build | Town Center |
| 14:37 | Build | Town Center |
| 14:42 | Research | Bow Saw |
| 14:47 | Queue | Villager (Male) |
| 14:56 | Research | Heavy Plow |
| 15:14 | Queue | Villager (Male) |
| 15:16 | Build | Farm |
| 15:32 | Build | Farm |
| 15:36 | Queue | Villager (Male) |
| 15:54 | Build | House |
| 15:54 | Build | House |
| 15:56 | Build | House |
| 15:59 | Queue | Villager (Male) |
| 15:59 | Queue | Villager (Male) |
| 16:00 | Queue | Villager (Male) |
| 16:00 | Queue | Villager (Male) |
| 16:08 | Build | Farm |
| 16:20 | Queue | Villager (Male) |
| 16:25 | Build | Farm |
| 16:27 | Build | Farm |
| 16:33 | Queue | Villager (Male) |
| 16:37 | Queue | Villager (Male) |
| 16:40 | Queue | Villager (Male) |
| 16:44 | Build | House |
| 16:47 | Build | Farm |
| 16:48 | Queue | Villager (Male) |
| 16:48 | Queue | Villager (Male) |
| 16:49 | Queue | Villager (Male) |
| 17:14 | Queue | Villager (Male) |
| 17:15 | Build | Farm |
| 17:17 | Build | Farm |
| 17:18 | Build | Farm |
| 17:21 | Build | Farm |
| 17:26 | Queue | Villager (Male) |
| 17:29 | Build | Farm |
| 17:32 | Queue | Villager (Male) |
| 17:41 | Queue | Villager (Male) |
| 17:55 | Queue | Villager (Male) |
| 18:10 | Queue | Villager (Male) |
| 18:10 | Queue | Villager (Male) |
| 18:11 | Queue | Villager (Male) |
| 18:12 | Build | Farm |
| 18:12 | Build | Farm |
| 18:12 | Build | Farm |
| 18:13 | Build | Farm |
| 18:13 | Build | Farm |
| 18:13 | Build | Farm |
| 18:24 | Queue | Villager (Male) |
| 18:28 | Queue | Villager (Male) |
| 18:28 | Queue | Villager (Male) |
| 18:30 | Build | Farm |
| 18:31 | Build | Farm |
| 18:37 | Queue | Villager (Male) |
| 18:42 | Build | Farm |
| 18:46 | Queue | Villager (Male) |
| 18:46 | Queue | Villager (Male) |
| 18:46 | Queue | Villager (Male) |
| 18:54 | Research | Wheelbarrow |
| 19:22 | Queue | Villager (Male) |
| 19:34 | Queue | Villager (Male) |
| 19:38 | Build | Farm |
| 19:38 | Queue | Villager (Male) |
| 19:38 | Queue | Villager (Male) |
| 19:44 | Build | Mining Camp |
| 19:44 | Queue | Villager (Male) |
| 19:46 | Research | Gold Mining |
| 19:53 | Build | House |
| 19:57 | Build | House |
| 19:58 | Build | House |
| 19:59 | Build | House |
| 20:00 | Build | House |
| 20:05 | Research | Loom |
| 20:06 | Research | Town Watch |
| 20:11 | Queue | Villager (Male) |
| 20:12 | Queue | Villager (Male) |
| 20:12 | Queue | Villager (Male) |
| 20:18 | Queue | Villager (Male) |
| 20:25 | Build | Farm |
| 20:26 | Build | Farm |
| 20:26 | Build | Farm |
| 20:26 | Build | Farm |
| 20:26 | Build | Farm |
| 20:30 | Queue | Villager (Male) |
| 20:38 | Research | Stone Mining |
| 20:40 | Queue | Villager (Male) |
| 20:42 | Queue | Villager (Male) |
| 20:54 | Queue | Villager (Male) |
| 20:57 | Build | Lumber Camp |
| 20:58 | Queue | Villager (Male) |
| 21:10 | Queue | Villager (Male) |
| 21:18 | Build | House |
Build order — AgentP_97
150 actions detected in the replay
| 0:00 | Queue | Villager (Male) ×4 |
| 0:01 | Queue | Villager (Male) ×4 |
| 0:02 | Build | House |
| 0:03 | Build | House |
| 1:27 | Queue | Villager (Male) |
| 1:42 | Queue | Villager (Male) |
| 1:42 | Queue | Villager (Male) |
| 2:02 | Build | Mule Cart |
| 2:15 | Queue | Villager (Male) |
| 2:16 | Queue | Villager (Male) |
| 2:47 | Queue | Villager (Male) |
| 3:10 | Queue | Villager (Male) |
| 3:10 | Queue | Villager (Male) |
| 3:35 | Queue | Villager (Male) |
| 3:35 | Queue | Villager (Male) |
| 3:50 | Build | House |
| 3:55 | Build | House |
| 3:56 | Build | House |
| 4:06 | Queue | Villager (Male) |
| 4:06 | Queue | Villager (Male) |
| 4:24 | Queue | Villager (Male) |
| 4:35 | Queue | Villager (Male) |
| 4:35 | Queue | Villager (Male) |
| 5:08 | Queue | Villager (Male) |
| 5:34 | Queue | Villager (Male) |
| 5:34 | Queue | Villager (Male) |
| 5:56 | Queue | Villager (Male) |
| 6:14 | Queue | Villager (Male) |
| 6:19 | Build | Mill |
| 6:26 | Queue | Villager (Male) |
| 6:43 | Queue | Villager (Male) |
| 7:08 | Queue | Villager (Male) |
| 8:27 | Build | Mule Cart |
| 8:38 | Research | Feudal Age |
| 8:47 | Build | Farm |
| 8:48 | Build | Farm |
| 9:05 | Build | Farm |
| 10:02 | Build | House |
| 10:03 | Build | House |
| 10:39 | Queue | Villager (Male) |
| 10:39 | Queue | Villager (Male) |
| 10:56 | Age | Feudal Age |
| 10:57 | Build | Market |
| 10:59 | Build | Blacksmith |
| 11:26 | Build | House |
| 11:51 | Research | Castle Age |
| 11:51 | Research | Castle Age |
| 11:57 | Build | Mule Cart |
| 12:11 | Research | Double-Bit Axe |
| 13:53 | Build | Barracks |
| 14:27 | Research | Loom |
| 14:31 | Age | Castle Age |
| 14:40 | Build | Monastery |
| 14:43 | Build | Siege Workshop |
| 14:48 | Queue | Villager (Male) |
| 14:51 | Queue | Spearman |
| 14:51 | Queue | Spearman |
| 14:51 | Queue | Spearman |
| 14:56 | Queue | Villager (Male) |
| 15:04 | Build | Mule Cart |
| 15:09 | Queue | Villager (Male) |
| 15:21 | Queue | Spearman |
| 15:22 | Queue | Villager (Male) |
| 15:25 | Build | Farm |
| 15:25 | Build | Farm |
| 15:26 | Build | Farm |
| 15:27 | Build | Farm |
| 15:28 | Build | Farm |
| 15:40 | Build | Monastery |
| 16:02 | Queue | Villager (Male) |
| 16:06 | Queue | Battering Ram |
| 16:11 | Queue | Monk |
| 16:17 | Build | House |
| 16:20 | Queue | Villager (Male) |
| 16:25 | Queue | Mangonel |
| 16:50 | Build | House |
| 16:51 | Build | House |
| 16:51 | Build | House |
| 16:59 | Queue | Monk |
| 17:01 | Build | House |
| 17:30 | Queue | Monk |
| 17:31 | Queue | Villager (Male) |
| 17:34 | Queue | Mangonel |
| 18:07 | Queue | Villager (Male) |
| 18:12 | Queue | Monk |
| 18:12 | Queue | Monk |
| 18:14 | Queue | Villager (Male) |
| 18:24 | Build | House |
| 18:32 | Research | Sanctity |
| 18:43 | Queue | Villager (Male) |
| 18:47 | Queue | Spearman |
| 18:52 | Queue | Monk |
| 19:20 | Queue | Mangonel |
| 19:40 | Queue | Villager (Male) |
| 19:42 | Build | House |
| 19:56 | Queue | Villager (Male) |
| 20:01 | Queue | Battering Ram |
| 20:02 | Queue | Villager (Male) |
| 20:06 | Queue | Villager (Male) |
| 20:14 | Build | House |
| 20:20 | Queue | Warrior Priest |
| 20:20 | Queue | Warrior Priest |
| 20:29 | Build | Siege Workshop |
| 20:30 | Queue | Villager (Male) |
| 20:36 | Queue | Villager (Male) |
| 20:40 | Queue | Monk |
| 20:40 | Queue | Monk |
| 20:56 | Queue | Villager (Male) |
| 20:56 | Queue | Villager (Male) |
| 21:10 | Queue | Monk |
| 21:17 | Build | Farm |
| 21:18 | Build | Farm |
| 21:43 | Queue | Villager (Male) |
| 21:50 | Queue | Monk |
| 21:51 | Queue | Monk |
| 21:53 | Queue | Villager (Male) |
| 22:02 | Build | House |
| 22:04 | Build | House |
| 22:05 | Build | Palisade Wall |
| 22:06 | Build | Monastery |
| 22:11 | Queue | Battering Ram |
| 22:14 | Build | House |
| 22:14 | Queue | Villager (Male) |
| 22:16 | Queue | Monk |
| 22:19 | Build | Farm |
| 22:36 | Build | Outpost |
| 22:38 | Build | Outpost |
| 22:49 | Queue | Battering Ram |
| 22:52 | Queue | Villager (Male) |
| 22:54 | Build | House |
| 23:01 | Queue | Monk |
| 23:04 | Build | Outpost |
| 23:09 | Queue | Spearman |
| 23:16 | Build | Farm |
| 23:18 | Build | Farm |
| 23:18 | Build | Farm |
| 23:28 | Build | Farm |
| 23:29 | Queue | Villager (Male) |
| 23:35 | Queue | Monk |
| 23:39 | Build | House |
| 23:50 | Queue | Mangonel |
| 23:58 | Build | House |
| 24:14 | Build | House |
| 24:18 | Queue | Monk |
| 24:18 | Queue | Monk |
| 24:23 | Build | House |
| 24:24 | Queue | Villager (Male) ×4 |
| 24:30 | Build | House |
| 24:41 | Queue | Villager (Male) |
| 24:44 | Build | House |
Match timeline
| 1:27 | Legion64 · wall_segment Palisade Wall x1 |
| 1:38 | Legion64 · wall_segment Palisade Wall x1 |
| 1:39 | Legion64 · wall_segment Palisade Wall x1 |
| 1:48 | Legion64 · wall_segment Palisade Wall x1 |
| 1:51 | Legion64 · wall_segment Palisade Wall x1 |
| 1:55 | Legion64 · wall_segment Palisade Wall x1 |
| 1:56 | Legion64 · wall_segment Palisade Wall x1 |
| 1:58 | Legion64 · wall_segment Palisade Wall x1 |
| 2:00 | Legion64 · wall_segment Palisade Wall x1 |
| 2:41 | Legion64 · wall_segment Palisade Wall x1 |
| 2:44 | Legion64 · wall_segment Palisade Wall x1 |
| 3:03 | BSL | n0_chanc3 · wall_segment Palisade Wall x1 |
| 3:04 | BSL | n0_chanc3 · wall_segment Palisade Wall x1 |
| 3:05 | BSL | n0_chanc3 · wall_segment Palisade Wall x1 |
| 3:06 | BSL | n0_chanc3 · wall_segment Palisade Wall x1 |
| 3:07 | BSL | n0_chanc3 · wall_segment Palisade Wall x1 |
| 3:08 | BSL | n0_chanc3 · wall_segment Palisade Wall x1 |
| 3:12 | BSL | n0_chanc3 · wall_segment Palisade Wall x4 |
| 3:12 | BSL | n0_chanc3 · wall_segment Palisade Wall x1 |
| 3:13 | BSL | n0_chanc3 · wall_segment Palisade Wall x1 |
| 3:14 | BSL | n0_chanc3 · wall_segment Palisade Wall x1 |
| 4:02 | BSL | n0_chanc3 · wall_segment Palisade Wall x1 |
| 4:12 | BSL | n0_chanc3 · wall_segment Palisade Wall x1 |
| 8:27 | Crouch · age_up feudal |
| 8:34 | Crouch · first_building Donjon |
| 8:56 | Fenrir · first_building Barracks |
| 10:31 | Fenrir · age_up feudal |
| 10:33 | Fenrir · first_building Stable |
| 10:42 | P!nk · age_up feudal |
| 10:56 | AgentP_97 · age_up feudal |
| 10:59 | BSL | n0_chanc3 · age_up feudal |
| 11:07 | 0653599 · age_up feudal |
| 11:22 | Legion64 · age_up feudal |
| 11:24 | Legion64 · wall_segment Stone Wall x1 |
| 11:49 | AgentP_97 · first_market_sell 500 wood |
| 11:50 | AgentP_97 · first_market_buy 100 food |
| 12:03 | 0653599 · first_market_sell 100 wood |
| 12:22 | Legion64 · wall_segment Stone Wall x1 |
| 13:04 | Obuk · age_up feudal |
| 13:53 | AgentP_97 · first_building Barracks |
| 14:25 | Legion64 · wall_segment Stone Wall x4 |
| 14:29 | BSL | n0_chanc3 · age_up castle |
| 14:31 | AgentP_97 · age_up castle |
| 14:31 | Legion64 · wall_segment Stone Wall x4 |
| 14:40 | AgentP_97 · first_building Monastery |
| 14:43 | AgentP_97 · first_building Siege Workshop |
| 14:44 | 0653599 · age_up castle |
| 14:48 | Fenrir · age_up castle |
| 15:39 | P!nk · age_up castle |
| 15:48 | Obuk · age_up castle |
| 16:20 | BSL | n0_chanc3 · first_market_buy 100 food |
| 17:14 | P!nk · first_market_buy 100 stone |
| 17:19 | Obuk · wall_segment Stone Wall x1 |
| 18:06 | Obuk · wall_segment Stone Wall x1 |
| 18:18 | Legion64 · age_up castle |
| 18:21 | Legion64 · first_building Castle |
| 18:24 | Obuk · wall_segment Stone Wall x1 |
| 18:34 | Obuk · first_building Castle |
| 18:44 | Legion64 · wall_segment Stone Wall x1 |
| 18:54 | Fenrir · first_market_buy 100 food |
| 19:03 | Obuk · wall_segment Palisade Wall x1 |
| 19:36 | Crouch · wall_segment Stone Wall x11 |
| 19:50 | Crouch · wall_segment Stone Wall x1 |
| 20:17 | Fenrir · first_building Monastery |
| 20:23 | Crouch · age_up castle |
| 20:27 | Crouch · first_building Castle |
| 21:02 | Obuk · age_up imperial |
| 21:26 | Crouch · wall_segment Stone Wall x1 |
| 21:33 | P!nk · first_building Barracks |
| 21:36 | Crouch · wall_segment Stone Wall x1 |
| 22:05 | 0653599 · wall_segment Stone Wall x2 |
| 22:05 | AgentP_97 · wall_segment Palisade Wall x1 |
| 22:16 | 0653599 · wall_segment Stone Wall x7 |
| 22:18 | BSL | n0_chanc3 · first_building Monastery |
| 22:22 | 0653599 · wall_segment Stone Wall x6 |
| 22:42 | P!nk · first_building Stable |
| 22:56 | Crouch · first_building Siege Workshop |
| 23:10 | 0653599 · wall_segment Stone Wall x1 |
| 23:20 | Crouch · wall_segment Stone Wall x7 |
| 23:56 | Obuk · wall_segment Stone Wall x1 |
| 23:57 | 0653599 · first_building Castle |
| 24:28 | P!nk · first_market_sell 100 food |
| 24:33 | Legion64 · first_market_sell 100 stone |
| 24:34 | BSL | n0_chanc3 · first_building Castle |
| 24:38 | Legion64 · first_market_buy 100 food |
| 24:38 | 0653599 · resign |
[ AI ANALYSIS · 1 CREDIT ]
What really happened in this match?
Wolo.gg analyzes every decision: build order, eco, micro, common mistakes by bracket. Personalized analysis on WhatsApp or Discord in 30 seconds.
Civ guide
Slavs
Perfil
Jugador #15801503